 Dungeon Sprint DCSS version 0.30-a0-458-g86641cc369 (webtiles) character file.

Game seed: 1579061356417066472

55604 BigDaddyOpFi the End of an Era (level 14, -7/149 HPs)
             Began as a Minotaur Fighter on Dec 14, 2022.
             Was the Champion of Qazlal.
             Killed from afar by a purple draconian (31 damage)
             ... with a bolt of dispelling energy
             ... in the Dungeon (Sprint VII: "The Pits").
             The game lasted 00:09:01 (4958 turns).

BigDaddyOpFi the End of an Era (Minotaur Fighter)   Turns: 4958, Time: 00:09:02

Health: -7/149     AC: 37    Str: 29    XL:     14   Next: 38%
Magic:  19/28      EV:  6    Int:  8    God:    Qazlal [******]
Gold:   4          SH: 28    Dex: 10    Spells: 13/13 levels left

rFire   + + .      SeeInvis +    n - +5 broad axe (vorpal)
rCold   + . .      Faith    .    h - +0 tower shield {rF+}
rNeg    . . .      Spirit   .    j - +2 gold dragon scales
rPois   +          Reflect  .    f - +0 hat
rElec   .          Harm     .    p - +0 cloak
rCorr   .          Rampage  .    o - +1 pair of gloves of the Unbroken {Int+3 SInv}
Will    +....      NoTele   +    q - +0 pair of boots
Stlth   ..........               (no amulet)
HPRegen 0.44/turn                b - +3 ring of protection
MPRegen 0.21/turn                d - +3 ring of strength

@: lethally poisoned (-7 -> -9), protected from physical damage, repel missiles
A: horns 2, retaliatory headbutt
a: Renounce Religion, Upheaval, Elemental Force, Disaster Area


You were in the Dungeon.
You worshipped Qazlal.
Qazlal was exalted by your worship.
You visited 1 branch You collected 4 gold pieces.

Inventory:

Hand Weapons
 c - the +4 mace of Urgency {protect, Fly Str+4 Stlth+}
   (You found it in the Dungeon)

   It grants its wielder temporary protection when it strikes (+7 to AC).
   Str:       It affects your strength (+4).
   Fly:       It grants you flight.
   Stlth:     It makes you more stealthy.
 n - a +5 vorpal broad axe (weapon)
Armour
 f - a +0 hat (worn)
 h - a +0 tower shield of fire resistance (worn)
 j - +2 gold dragon scales (worn)
 o - the +1 pair of gloves of the Unbroken (worn) {Int+3 SInv}
   (You found it in the Dungeon)

   Int:       It affects your intelligence (+3).
   SInv:      It lets you see invisible.
 p - a +0 cloak (worn)
 q - a +0 pair of boots (worn)
 u - a +1 pair of gloves
Jewellery
 b - a +3 ring of protection (left hand)
 d - a +3 ring of strength (right hand)
 v - a ring of protection from cold
 x - a ring of fire
 y - a ring of willpower
Scrolls
 a - 2 scrolls of fog
 l - 4 scrolls of identify
 w - a scroll of poison
Potions
 e - 6 potions of curing
 g - 2 potions of haste
 i - 3 potions of berserk rage
 k - 2 potions of invisibility
 m - a potion of might
 r - 2 potions of mutation
 s - 3 potions of brilliance


   Skills:
 + Level 20.3 Fighting
 + Level 20.1 Axes
 + Level 20.2 Armour
 + Level 20.3 Shields
 * Level 23.5 Invocations


You had 13 spell levels left.
You didn't know any spells.
Your spell library contained the following spells:

 Spells                   Type           Power      Damage    Failure   Level
 Kiss of Death            Conj/Necr      0%         2d5       100%        1
 Confusing Touch          Hex            0%         N/A       100%        3
 Gell's Gravitas          Tloc           0%         N/A       100%        3
 Lesser Beckoning         Tloc           0%         N/A       100%        3
 Teleport Other           Tloc           0%         N/A       100%        3
 Dispel Undead            Necr           0%         3d6       100%        4


Dungeon Overview and Level Annotations

Branches:
Dungeon (1/1)

Altars:
Ashenzari
Cheibriados
Dithmenos
Elyvilon
Fedhas
Gozag
Hepliaklqana
Kikubaaqudgha
Makhleb
Nemelex Xobeh
Okawaru
Qazlal
Ru
Sif Muna
Trog
Uskayaw
Vehumet
Wu Jian
Xom
Yredelemnul
Zin
The Shining One
Jiyva
Lugonu


Innate Abilities, Weirdness & Mutations

You have a pair of horns on your head.
You reflexively headbutt those who attack you in melee.


Message History

You closely miss the profane servitor.
Your headbutt misses the profane servitor.
The profane servitor is almost destroyed.
You feel sick.
The profane servitor hits you with a +2 whip of venom!
* * * LOW HITPOINT WARNING * * *
The profane servitor draws strength from your injuries!
You block the profane servitor's attack. x2
The profane servitor barely misses you.
You completely miss the profane servitor.
Your headbutt misses the profane servitor.
The profane servitor is almost destroyed.
You feel sick.
The ogre mage hits you but does no damage.
You block the profane servitor's attack. x2
You completely miss the profane servitor.
Your headbutt misses the profane servitor.
The profane servitor is almost destroyed.
You feel sick.
You block the profane servitor's attack. x2
You slice the profane servitor!!
The profane servitor is almost destroyed.
You block the profane servitor's attack. x2
You block the black draconian knight's attack.
The ogre mage hits you but does no damage.
You slash the profane servitor!
You destroy the profane servitor!
Qazlal accepts your kill.
You feel sick.
The ogre mage seems less brilliant.
The black draconian knight hits you from afar with a +0 halberd.
* * * LOW HITPOINT WARNING * * *
You feel protected from physical attacks.
You feel sick.
You hear a roar!
The black draconian knight hits you but does no damage.
You block the ogre mage's attack.
The purple draconian breathes dispelling energy at you.
The bolt of dispelling energy hits you!!
You feel more protected from physical attacks.
You die...

[[###....####..#.≈#
[).)).......'..#..#
..)......####..#..#
)))####..#.....#≈.#
)..#..#..#[[#.[#§§#
..##..'..#[[#[[#§§#
################§○#
##§§# #§@.# #Odq##
#§§§## ≈.≈≈# )#≈≈≈
. ##O≈ ...


You could see a black draconian knight (fast, invisible), a purple draconian
(catching breath) and an ogre mage (invisible).

Vanquished Creatures
  A profane servitor (D)
  Gastronok (D)
  3 nagarajas (D)
  A shadow dragon (D)
  A deep elf sorcerer (D)
  A balrug (D)
  2 orc warlords (D)
  Aizul (D)
  A draconian annihilator (D)
  A vampire knight (D)
  A black draconian (D)
  3 deep elf annihilators (D)
  A white draconian (D)
  An eidolon (D)
  A red draconian (D)
  A green death (D)
  A deep elf high priest (D)
  2 hydras (D)
  2 vault guards (D)
  An ice dragon (D)
  A boulder beetle (D)
  2 anacondas (D)
  2 ogre magi (D)
  A centaur warrior (D)
  A death knight (D)
  An alligator snapping turtle (D)
  5 two-headed ogres (D)
  A naga warrior (D)
  2 death yaks (D)
  A soul eater (D)
  5 deep elf knights (D)
  A sun demon (D)
  2 sixfirhies (D)
  A deep troll (D)
  A lindwurm (D)
  A bog body (D)
  2 phantasmal warriors (D)
  A wizard (D)
  2 deep elf pyromancers (D)
  10 orc knights (D)
  An orc sorcerer (D)
  A cyclops (D)
  An elephant (D)
  A black mamba (D)
  Maurice (D)
  An eye of devastation (D)
  A molten gargoyle (D)
  2 orange demons (D)
  A smoke demon (D)
  2 kobold demonologists (D)
  2 demonic crawlers (D)
  2 ice devils (D)
  2 hellwings (D)
  A tarantella (D)
  3 slime creatures (D)
  5 dream sheep (D)
  8 blink frogs (D)
  A snapping turtle (D)
  A jumping spider (D)
  A shadow (D)
  2 vampires (D)
  A ynoxinul (D)
  A spriggan (D)
  2 wyverns (D)
  2 basilisks (D)
  A steam dragon (D)
  An air elemental (D)
  A warg (D)
  A water moccasin (D)
  An orc warrior (D)
  3 ice beasts (D)
  A large abomination (D)
  2 ogres (D)
  A wolf (D)
  2 kobold brigands (D)
  3 scorpions (D)
  A necrophage (D)
  An iron imp (D)
  A mummy (D)
  2 gnolls (D)
  2 adders (D)
  An ufetubus (D)
  An adder skeleton (D)
  A worm (D)
  A ball python (D)
  A bat (D)
  A giant cockroach (D)
  8 jackals (D)
  2 quokkas (D)
  A ball python skeleton (D)
  A giant cockroach zombie (D)
  2 kobolds (D)
  A rat (D)
161 creatures vanquished.

Vanquished Creatures (others)
  A wizard (D)
1 creature vanquished.

Grand Total: 162 creatures vanquished

Notes
Turn   | Place    | Note
-------+----------+-------------------------------------------
     0 | D        | BigDaddyOpFi the Minotaur Fighter began the quest for the
                  | Orb.
     0 | D        | Reached XP level 1. HP: 19/19 MP: 0/0
    16 | D        | Found a bloodstained altar of Trog.
    16 | D        | Found a shimmering blue altar of Sif Muna.
    16 | D        | Found a viscous altar of Jiyva.
    16 | D        | Found a hazy altar of Hepliaklqana.
    16 | D        | Found an opulent altar of Gozag.
    17 | D        | Found a glowing golden altar of the Shining One.
    17 | D        | Found a glowing silver altar of Zin.
    17 | D        | Found a basalt altar of Yredelemnul.
    17 | D        | Found a shimmering altar of Xom.
    17 | D        | Found an ornate altar of the Wu Jian Council.
    17 | D        | Found a sacrificial altar of Ru.
    17 | D        | Found a stormy altar of Qazlal.
    17 | D        | Found an iron altar of Okawaru.
    17 | D        | Found a sparkling altar of Nemelex Xobeh.
    17 | D        | Found a burning altar of Makhleb.
    17 | D        | Found a blossoming altar of Fedhas.
    17 | D        | Found a white marble altar of Elyvilon.
    17 | D        | Found a shadowy altar of Dithmenos.
    17 | D        | Found a snail-covered altar of Cheibriados.
    19 | D        | Found a corrupted altar of Lugonu.
    19 | D        | Found a radiant altar of Vehumet.
    20 | D        | Found an ancient bone altar of Kikubaaqudgha.
    20 | D        | Found a hide-covered altar of Uskayaw.
    20 | D        | Found a broken altar of Ashenzari.
    23 | D        | Became a worshipper of Qazlal Stormbringer
    50 | D        | Noticed a scorpion
    57 | D        | Reached skill level 2 in Invocations
    57 | D        | Reached XP level 2. HP: 20/27 MP: 0/2
    58 | D        | Killed a scorpion
    58 | D        | Reached * piety under Qazlal
    59 | D        | Reached skill level 5 in Fighting
    59 | D        | Reached skill level 5 in Armour
    59 | D        | Reached skill level 5 in Shields
    59 | D        | Reached skill level 4 in Invocations
    59 | D        | Reached XP level 3. HP: 27/36 MP: 0/5
    59 | D        | Reached XP level 4. HP: 32/42 MP: 0/6
   224 | D        | Noticed a scorpion
   227 | D        | Reached ** piety under Qazlal
   236 | D        | Killed a scorpion
   237 | D        | Reached skill level 5 in Axes
   237 | D        | Reached skill level 5 in Invocations
   237 | D        | Reached XP level 5. HP: 21/50 MP: 6/8
   237 | D        | Reached *** piety under Qazlal
   577 | D        | Noticed a water moccasin
   578 | D        | Noticed an ice beast
   578 | D        | Noticed a warg
   584 | D        | Killed an ice beast
   585 | D        | Reached skill level 6 in Invocations
   590 | D        | Killed a water moccasin
   591 | D        | Reached skill level 7 in Invocations
   591 | D        | Reached XP level 6. HP: 51/60 MP: 8/10
   591 | D        | Reached **** piety under Qazlal
   595 | D        | Killed a warg
   596 | D        | Reached skill level 8 in Invocations
   618 | D        | Noticed an orc warrior
   626 | D        | Killed an orc warrior
   627 | D        | Reached XP level 7. HP: 57/69 MP: 12/12
   640 | D        | Noticed a two-headed ogre
   643 | D        | Killed a two-headed ogre
   644 | D        | Reached skill level 10 in Invocations
   644 | D        | Reached XP level 8. HP: 56/79 MP: 12/14
   874 | D        | Reached ***** piety under Qazlal
   902 | D        | Reached skill level 10 in Fighting
   906 | D        | Reached skill level 11 in Invocations
  1097 | D        | Noticed an eidolon
  1097 | D        | Noticed a cyclops
  1101 | D        | HP: 3/72 [eidolon (18)]
  1114 | D        | Killed an eidolon
  1115 | D        | Reached skill level 10 in Axes
  1115 | D        | Reached skill level 10 in Armour
  1115 | D        | Reached skill level 10 in Shields
  1115 | D        | Reached XP level 9. HP: 86/86 MP: 2/16
  1117 | D        | Killed a cyclops
  1118 | D        | Reached skill level 12 in Invocations
  1393 | D        | Noticed Maurice
  1393 | D        | Noticed an orange demon
  1402 | D        | Killed Maurice
  1404 | D        | Killed an orange demon
  1405 | D        | Reached skill level 13 in Invocations
  1656 | D        | Noticed a deep elf pyromancer
  1658 | D        | Reached ****** piety under Qazlal
  1658 | D        | Killed a deep elf pyromancer
  1659 | D        | Reached XP level 10. HP: 99/99 MP: 10/19
  1985 | D        | Noticed a molten gargoyle
  1991 | D        | Reached skill level 14 in Invocations
  1994 | D        | Killed a molten gargoyle
  2085 | D        | Noticed a deep troll
  2087 | D        | Killed a deep troll
  2088 | D        | Reached skill level 15 in Invocations
  2279 | D        | Noticed a black mamba
  2279 | D        | Noticed a boulder beetle
  2279 | D        | Noticed a bog body
  2282 | D        | Killed a black mamba
  2283 | D        | Reached XP level 11. HP: 108/108 MP: 12/21
  2283 | D        | Killed a bog body
  2288 | D        | Reached skill level 16 in Invocations
  2296 | D        | Killed a boulder beetle
  2569 | D        | Noticed an orc sorcerer
  2571 | D        | Noticed a sun demon
  2578 | D        | Killed an orc sorcerer
  2642 | D        | Noticed a phantasmal warrior
  2646 | D        | Noticed a nagaraja
  2650 | D        | Killed a nagaraja
  2650 | D        | Killed a phantasmal warrior
  2809 | D        | Reached skill level 17 in Invocations
  3256 | D        | Noticed an eight-headed hydra
  3260 | D        | Reached skill level 15 in Fighting
  3260 | D        | Reached skill level 15 in Shields
  3264 | D        | Killed a 12-headed hydra
  3265 | D        | Reached skill level 15 in Armour
  3286 | D        | Noticed a deep elf annihilator
  3297 | D        | Killed a deep elf annihilator
  3298 | D        | Reached skill level 15 in Axes
  3433 | D        | Noticed a centaur warrior
  3433 | D        | Noticed a vampire knight
  3433 | D        | Noticed an ice dragon
  3433 | D        | Noticed a soul eater
  3433 | D        | Noticed a balrug
  3433 | D        | Noticed a deep elf pyromancer
  3433 | D        | Noticed a death yak
  3433 | D        | Noticed a death yak
  3434 | D        | Killed a balrug
  3434 | D        | Killed a deep elf pyromancer
  3434 | D        | Killed a death yak
  3434 | D        | Killed a centaur warrior
  3434 | D        | Killed a death yak
  3435 | D        | Reached skill level 18 in Invocations
  3435 | D        | Reached XP level 12. HP: 122/122 MP: 14/24
  3435 | D        | Killed an ice dragon
  3440 | D        | Paralysed by a vampire knight for 3 turns
  3470 | D        | Killed a vampire knight
  3826 | D        | Noticed an orc warlord
  3827 | D        | Noticed an orc warlord
  3829 | D        | Killed an orc warlord
  3829 | D        | Killed an orc warlord
  3830 | D        | Reached skill level 19 in Invocations
  3830 | D        | Killed a five-headed hydra
  3830 | D        | Killed a vault guard
  3835 | D        | Reached skill level 20 in Invocations
  3835 | D        | Reached XP level 13. HP: 122/133 MP: 8/26
  3838 | D        | Noticed a shadow dragon
  3864 | D        | Killed a shadow dragon
  4254 | D        | Got the +4 mace of Urgency {protect, Fly Str+4 Stlth+}
  4363 | D        | Reached skill level 21 in Invocations
  4367 | D        | Noticed a green death
  4369 | D        | Killed a green death
  4393 | D        | Reached skill level 22 in Invocations
  4396 | D        | Noticed Gastronok
  4402 | D        | Noticed Aizul
  4403 | D        | Killed Gastronok
  4421 | D        | Killed Aizul
  4794 | D        | Got the +1 pair of gloves of the Unbroken {Int+3 SInv}
  4906 | D        | Noticed a black draconian
  4907 | D        | Noticed a nagaraja
  4909 | D        | Noticed a deep elf annihilator
  4912 | D        | Noticed a deep elf sorcerer
  4914 | D        | Reached XP level 14. HP: 144/146 MP: 28/28
  4916 | D        | Noticed a yellow draconian annihilator
  4918 | D        | Killed a nagaraja
  4918 | D        | Killed a yellow draconian annihilator
  4918 | D        | Killed a deep elf sorcerer
  4919 | D        | Reached skill level 23 in Invocations
  4922 | D        | Noticed a profane servitor
  4927 | D        | Noticed a nagaraja
  4929 | D        | Killed a nagaraja
  4933 | D        | Noticed a black draconian knight
  4957 | D        | Killed a profane servitor
  4958 | D        | Killed from afar by a purple draconian

Illustrated notes

Levels and vault maps discovered:
D:        pitsprint [storerooms_1, entrance_room_1, metal_vault_2, armoury_1,
          mini_pit_1, grid_room_1, main_hall_1, silver_pit, the_coven_1,
          the_vestibule_1, steel_vault_2, golden_pit, hallway_of_sentries,
          crystal_vault_1, iron_vault_3, final_vault]

Skill      XL: |  1  2  3  4  5  6  7  8  9 10 11 12 13 14 |
---------------+-------------------------------------------+-----
Fighting       | 4 5 6 7 8 9 10 12 13 16 17 19 20 | 20.3
Axes           | 3 4 5 7 9 10 12 13 15 17 19 20 | 20.1
Armour         | 4 5 6 7 8 9 10 12 13 15 17 19 20 | 20.2
Shields        | 4 5 6 7 8 9 10 12 13 15 17 19 20 | 20.3
Invocations    | 2 4 5 7 8 10 11 13 15 18 20 22 23 | 23.5

Action                   |  1- 3 |  4- 6 |  7- 9 | 10-12 | 13-15 || total
-------------------------+-------+-------+-------+-------+-------++-------
Melee: War axe           |    10 |    38 |    22 |       |       ||    70
       Headbutt          |     2 |     3 |     8 |    27 |    24 ||    64
       Broad axe         |       |       |    19 |    93 |   118 ||   230
Invok: Disaster Area     |       |       |     3 |    10 |     7 ||    20
       Upheaval          |       |       |     2 |     2 |     1 ||     5
  Use: Potion            |     1 |     1 |     6 |     9 |     7 ||    24
       Scroll            |       |       |     1 |     6 |     2 ||     9
Armor: Scale mail        |     5 |     9 |       |       |       ||    14
       Plate armour      |       |    11 |    17 |    85 |    25 ||   138
       Gold dragon scale |       |       |       |       |    42 ||    42
Dodge: Dodged            |    10 |    20 |    15 |    27 |    11 ||    83
       Repelled          |       |       |       |     3 |     1 ||     4
Block: Buckler           |     5 |    16 |    40 |   112 |    22 ||   195
       Tower shield      |       |       |       |       |   134 ||   134

Table legend: (Time is in decaauts)
 A = Elapsed time spent in this place.
 B = Non-inter-level travel time spent in this place.
 C = Inter-level travel time spent in this place.
 D = Time resting spent in this place.
 E = Time spent auto-exploring this place.
 F = Levels seen in this place.
 G = Mean time per level.
                   A        B        C        D        E       F      G
               +--------+--------+--------+--------+--------+-----+--------+
         Total |   4950 |   4850 |    100 |   3523 |      0 |   1 | 4950.0 |
       Dungeon |   4950 |   4850 |    100 |   3523 |      0 |   1 | 4950.0 |
               +--------+--------+--------+--------+--------+-----+--------+

Top non-repeatable levels by time:
       D: 4950 daAuts
